 Dungeon Crawl Stone Soup version 0.28-a0-429-g1448048969 (webtiles) character file.

Game seed: 1797680672346180626

6727 robertstho the Thaumaturge (level 11, -3/76 HPs)
             Began as a Djinni Fire Elementalist on Sept 10, 2021.
             Was an Initiate of Gozag.
             Slain by a centaur warrior simulacrum (29 damage)
             ... on level 11 of the Dungeon.
             The game lasted 00:15:27 (12256 turns).

robertstho the Thaumaturge (DjFE)                  Turns: 12256, Time: 00:15:28

Health: -3/76      AC:  5    Str: 11    XL:     11   Next: 24%
Gold:   380        EV: 12    Int: 20    God:    Gozag SH:  0 Dex: 11

rFire   + + .      SeeInvis .   y - +6 rapier of Hard Scrabble {vorpal, Will+ Str+4}
rCold   . . .      Faith    .   (no shield)
rNeg    . . .      Spirit   .   J - +0 robe of Ignis's Pride {rElec Will++ Dex-3 Stlth+}
rPois   ∞          Reflect  .   (no helmet)
rElec   +          Harm     .   (no cloak)
rCorr   .          Rampage  .   G - +2 pair of gloves
Will    ++++.                   (boots unavailable)
Stlth   +++.......              q - amulet of the acrobat
HPRegen 0.22/turn               v - ring of protection from cold
MPRegen 0.00/turn               (no ring)

@: gold aura, flying, slowed, very slow
A: sickness immunity, fire resistance 2, cold vulnerability 1, float, innate
caster, hp casting, extra vitality 1
a: Renounce Religion, Potion Petition, Call Merchant, Bribe Branch


You were on level 11 of the Dungeon.
You worshipped Gozag.
Gozag was aware of your devotion.
You visited 2 branches of the dungeon, and saw 12 of its levels.

You collected 901 gold pieces.
You spent 438 gold pieces at shops.
You paid 83 gold pieces to Gozag.

Inventory:

Hand Weapons
 g - a +0 scimitar of flaming
 o - a +0 short sword
 s - a +0 dagger of protection
 y - the +6 rapier of Hard Scrabble (weapon) {vorpal, Will+ Str+4}
   (You found it on level 7 of the Dungeon)

   It inflicts extra damage upon your enemies.
   Str:       It affects your strength (+4).
   Will:      It increases your willpower.
Armour
 m - the +1 leather armour "Fodet" {Int+6}
   (You found it on level 6 of the Dungeon)

   Int:       It affects your intelligence (+6).
 B - +0 acid dragon scales
 G - a +2 pair of gloves (worn)
 J - the +0 robe of Ignis's Pride (worn) {rElec Will++ Dex-3 Stlth+}
   (You bought it in a shop on level 6 of the Dungeon)

   Dex:       It affects your dexterity (-3).
   rElec:     It insulates you from electricity.
   Will:      It greatly increases your willpower.
   Stlth:     It makes you more stealthy.
Jewellery
 q - an amulet of the acrobat (around neck)
 v - a ring of protection from cold (left hand)
 F - a ring of protection from fire
Wands
 i - a wand of iceblast (12)
 x - a wand of charming (8)
 A - a wand of flame (28)
 I - a wand of digging (4)
Scrolls
 b - a scroll of summoning
 c - a scroll of blinking {unknown}
 e - 2 scrolls of immolation {unknown}
 k - 3 scrolls of teleportation {unknown}
 n - a scroll of brand weapon
 u - 2 scrolls of enchant armour
 D - a scroll of enchant weapon
 E - a scroll of torment
Potions
 a - a potion of flight {unknown}
 d - 2 potions of haste
 f - 4 potions of heal wounds
 h - a potion of berserk rage {unknown}
 j - a potion of curing {unknown}
 r - 3 potions of attraction {unknown}
 t - a potion of mutation {unknown}
 w - a potion of brilliance {unknown}
 z - a potion of invisibility {unknown}
 C - 2 potions of might {unknown}
 H - 2 potions of lignification {unknown}


   Skills:
 * Level 5.7 Fighting
 + Level 1.5 Short Blades
 + Level 4.0 Armour
 + Level 3.6 Dodging
 + Level 3.8 Stealth
 + Level 0.1 Unarmed Combat
 * Level 10.9 Spellcasting
 + Level 0.6 Evocations


You had 4 spell levels left.
You knew the following spells:

 Your Spells              Type           Power      Damage    Failure   Level
a - Foxfire               Conj/Fire      100%       2x1d9     1%          1
b - Scorch                Fire           100%       2d10      1%          2
c - Conjure Flame         Conj/Fire      53%        6-21      1%          3
d - Inner Flame           Hex/Fire       53%        N/A       1%          3
e - Flame Wave            Conj/Fire      53%        3d10      1%          4
f - Animate Skeleton      Necr           100%       N/A       1%          1
g - Slow                  Hex            53%        N/A       1%          2
h - Confusing Touch       Hex            53%        N/A       1%          3
i - Gell's Gravitas       Tloc           26%        N/A       1%          3
j - Blade Hands           Tmut           26%        N/A       1%          5
Your spell library was empty.

Dungeon Overview and Level Annotations

Branches:
Dungeon (11/15)            Temple (1/1) D:4             Orc (0/2) D:10
   Lair: D:8-11

Altars:
Ashenzari
Cheibriados
Dithmenos
Elyvilon
Fedhas
Gozag
Kikubaaqudgha
Nemelex Xobeh
Qazlal
Ru
Sif Muna
Trog
Uskayaw
Vehumet
Wu Jian
Zin
The Shining One
Beogh

Shops:
D:6 *

Annotations:
D:4 3 runed translucent doors, freelancePsychic's ghost, amateur DjFE
D:5 1 runed translucent door, hgbash's ghost, novice HOCA
D:6 Good shop
D:9 johnstein's ghost, novice GnMo


Innate Abilities, Weirdness & Mutations

You are immune to sickness and miasma.
You are immune to poison.
Your flesh is very heat resistant. (rF++)
You are vulnerable to cold. (rC-)
You float through the air rather than walking.
You learn spells naturally, not from books.
Your magical power is your life essence.
You have superior vitality. (+4 HP)


Message History

The centaur warrior simulacrum is lightly damaged.
Casting: Foxfire (safe; 1% risk of failure)
Press: ? - help, Q - select action, (/) - cycle Dir - look around, f - activate You conjure some foxfire!
The foxfire hits the centaur warrior simulacrum.
The centaur warrior simulacrum melts!
The centaur warrior simulacrum is moderately damaged.
Casting: Foxfire (safe; 1% risk of failure)
Confirm with . or Enter, or press ? or * to list all spells.
Flames lash the wraith.
The wraith is moderately damaged.
The wraith's fire resistance burns away.
The foxfire hits the wraith but does no damage.
The wraith is moderately damaged.
The foxfire hits the wraith.
The wraith is burned terribly!
The wraith is moderately damaged.
The centaur warrior simulacrum is distracted by your dazzling golden aura.
Casting: Scorch (safe; 1% risk of failure)
Confirm with . or Enter, or press ? or * to list all spells.
Flames lash the centaur warrior simulacrum.
The centaur warrior simulacrum melts!
The centaur warrior simulacrum is no longer distracted by gold.
The centaur warrior simulacrum is almost destroyed.
The centaur warrior simulacrum's fire resistance burns away.
The centaur warrior simulacrum closely misses you.
The centaur warrior simulacrum kicks you but does no damage.
The wraith hits you. The wraith drains your vigour!
You feel yourself slow down.
The centaur warrior simulacrum hits you but does no damage.
The centaur warrior simulacrum kicks you but does no damage.
Unknown command.
Casting: Scorch (safe; 1% risk of failure)
Confirm with . or Enter, or press ? or * to list all spells.
Flames lash the wraith.
The wraith is burned terribly!
The wraith is heavily damaged.
A wraith comes into view.
The centaur warrior simulacrum hits you.
The centaur warrior simulacrum freezes you!!
You die...
Your body crumbles into a pile of gold.

#........
#..#####. #..#
##. #..# #..
###..#
#..####.#..#
##....$.....#
##......$.#..#
#...$..@W.#..#
.....$.Z.##..#
.....$$<.##..#
.....$..##...#
......... ....
.......... ...
......W####
..(....
##○####


You could see 2 wraiths and a centaur warrior simulacrum (inflammable).

Vanquished Creatures
  An ugly thing (D:11)
  A cyclops (D:11)
  Joseph (D:8)
  Maggie (D:7)
  An unseen horror (D:11)
  An efreet (D:11)
  A troll (D:10)
  A hornet (D:9)
  A centaur simulacrum (D:11)
  A wyvern (D:10)
  A wraith (D:7)
  2 sky beasts
  8 orc warriors
  2 ice beasts (D:7)
  A black bear (D:6)
  A necrophage (D:8)
  4 ogres
  A boggart (D:11)
  3 centaurs
  A phantom (D:6)
  A kobold brigand (D:7)
  A bullfrog (D:7)
  2 water moccasin zombies
  A wyvern zombie (D:7)
  A wyvern skeleton (D:7)
  5 wights (D:9)
  9 killer bees
  A bullfrog zombie (D:6)
  4 centaur zombies
  4 hounds
  7 orc priests
  A bullfrog skeleton (D:7)
  2 jellies
  3 iguanas
  6 orc wizards
  A hound zombie (D:5)
  A howler monkey zombie (D:9)
  3 gnolls (D:3)
  4 adders
  A shadow imp (D:6)
  A white imp (D:7)
  An ufetubus (D:6)
  3 worms
  5 dart slugs
  35 orcs
  7 ball pythons
  5 endoplasms
  6 giant cockroaches
  4 goblins (D:1)
  9 hobgoblins
  4 jackals (D:5)
  6 kobolds
  A quokka (D:1)
  6 bats
  5 rats
190 creatures vanquished.

Vanquished Creatures (others)
  427 foxfires
  2 plants (D:10)
429 creatures vanquished.

Grand Total: 619 creatures vanquished

Notes
Turn   | Place    | Note
-------+----------+-------------------------------------------
     0 | D:1      | robertstho the Djinni Fire Elementalist began the quest for
                  | the Orb.
     0 | D:1      | Reached XP level 1. HP: 15/15 MP: 0/0
   327 | D:1      | Reached XP level 2. HP: 17/21 MP: 0/0
   771 | D:1      | Reached skill level 3 in Spellcasting
   874 | D:1      | Reached XP level 3. HP: 20/25 MP: 0/0
   874 | D:1      | Learned a level 1 spell: Animate Skeleton
  2052 | D:2      | Reached XP level 4. HP: 29/31 MP: 0/0
  3005 | D:3      | Reached skill level 1 in Fighting
  3279 | D:3      | Reached XP level 5. HP: 33/37 MP: 0/0
  3279 | D:3      | Learned a level 2 spell: Slow
  3358 | D:3      | You are sucked into a shaft and drop 3 floors!
  3367 | D:6      | Reached skill level 4 in Spellcasting
  3540 | D:6      | Noticed a phantom
  3544 | D:6      | Killed a phantom
  3545 | D:6      | Reached XP level 6. HP: 30/43 MP: 0/0
  3719 | D:6      | Found Emealep's Assorted Antiques.
  3873 | D:6      | Reached skill level 5 in Spellcasting
  4213 | D:6      | Identified the +1 leather armour "Fodet" {Int+6}
  4233 | D:6      | Reached XP level 7. HP: 32/49 MP: 0/0
  4233 | D:6      | Learned a level 3 spell: Confusing Touch
  4985 | D:5      | Entered Level 5 of the Dungeon
  5109 | D:5      | You are sucked into a shaft and drop 1 floor!
  5224 | D:5      | Reached skill level 6 in Spellcasting
  5224 | D:5      | Reached XP level 8. HP: 23/55 MP: 0/0
  5673 | D:5      | Reached skill level 1 in Armour
  6157 | D:5      | Found a runed translucent door.
  6162 | D:5      | Noticed hgbash's ghost (novice HOCA)
  6542 | D:4      | Reached skill level 7 in Spellcasting
  6586 | D:4      | Found a staircase to the Ecumenical Temple.
  6712 | Temple   | Entered the Ecumenical Temple
  6738 | Temple   | Became a worshipper of Gozag Ym Sagoz the Greedy
  6791 | D:4      | Found a blossoming altar of Fedhas.
  6956 | D:4      | Found a white marble altar of Elyvilon.
  7152 | D:4      | Found a runed translucent gate.
  7152 | D:4      | Found a runed translucent gate.
  7152 | D:4      | Found an opulent altar of Gozag.
  7152 | D:4      | Found a runed translucent gate.
  7153 | D:4      | Noticed freelancePsychic's ghost (amateur DjFE)
  7390 | D:3      | Found a faded altar of an unknown god.
  8208 | D:7      | Noticed a +0 hand axe
  8208 | D:7      | Noticed a +0 dagger
  8209 | D:7      | Found a hide-covered altar of Uskayaw.
  8221 | D:7      | Reached XP level 9. HP: 43/61 MP: 0/0
  8221 | D:7      | Learned a level 3 spell: Gell's Gravitas
  8392 | D:7      | Found a bloodstained altar of Trog.
  8399 | D:7      | Identified the +6 rapier of Hard Scrabble {vorpal, Will+
                  | Str+4}
  8415 | D:7      | Noticed Maggie
  8420 | D:7      | Killed Maggie
  8421 | D:7      | Reached skill level 8 in Spellcasting
  9140 | D:7      | Identified the +1 leather armour of Ornamental Wonder
                  | {Str+2}
 10170 | D:9      | Noticed a hornet
 10177 | D:9      | Killed a hornet
 10178 | D:9      | Reached skill level 9 in Spellcasting
 10178 | D:9      | Reached XP level 10. HP: 57/68 MP: 0/0
 10528 | D:9      | Reached skill level 1 in Short Blades
 10814 | D:9      | Noticed johnstein's ghost (novice GnMo)
 10815 | D:9      | Found a runed translucent gate.
 10815 | D:9      | Found a runed translucent gate.
 10815 | D:9      | Found a runed translucent gate.
 10816 | D:9      | Identified the +6 plate armour of Beka {rElec rC+ Regen+
                  | Dex-5}
 10966 | D:8      | Noticed Joseph
 10975 | D:8      | Killed Joseph
 11302 | D:6      | Bought a scroll labelled JEETUV PARIS for 30 gold pieces
 11302 | D:6      | Bought a scroll labelled GEFFUTUORO for 30 gold pieces
 11302 | D:6      | Bought a fizzy cyan potion for 27 gold pieces
 11302 | D:6      | Bought a twisted iron wand for 120 gold pieces
 11302 | D:6      | Bought a silken robe for 171 gold pieces
 11302 | D:6      | Identified the +0 robe of Ignis's Pride {rElec Will++ Dex-3
                  | Stlth+} (You bought it in a shop on level 6 of the Dungeon)
 11302 | D:6      | Bought a scroll labelled ZOGRUNE UKHISE for 30 gold pieces
 11302 | D:6      | Bought a scroll labelled ULINACOZIR for 30 gold pieces
 11626 | D:10     | Entered Level 10 of the Dungeon
 11630 | D:10     | Reached skill level 5 in Fighting
 11781 | D:10     | Found a staircase to the Orcish Mines.
 11793 | D:10     | Reached skill level 10 in Spellcasting
 11887 | D:10     | Noticed an orc knight
 11908 | D:11     | Noticed an efreet
 11937 | D:11     | Killed an efreet
 11938 | D:11     | Reached XP level 11. HP: 33/76 MP: 0/0
 11938 | D:11     | Learned a level 5 spell: Blade Hands
 11946 | D:11     | Noticed a green ugly thing
 11958 | D:11     | Killed a white ugly thing
 12238 | D:11     | Noticed a cyclops
 12243 | D:11     | Noticed a boulder beetle
 12248 | D:11     | Killed a cyclops
 12256 | D:11     | Slain by a centaur warrior simulacrum

Illustrated notes

Levels and vault maps discovered:
D:1:      minmay_arrival_four_houses, layout_basic, serial_rivers,
          chequers_serial_rivers_small_3, chequers_serial_rivers_small_3,
          chequers_serial_rivers_small_b, chequers_serial_rivers_micro_a,
          chequers_serial_rivers_large_a, chequers_serial_rivers_small_3,
          grunt_decor_resistance
D:2:      layout_loops_ring, kennysheep_generic_room_10
D:3:      layout_loops_ring, basic_ecumenical_altar, hangedman_decor_riveting
D:4:      layout_loops_ring, fedhas_altar_2, elyvilon_altar_5,
          minmay_temple_entry_arrows, ebering_ghost_gozag
D:5:      layout_loops_ring, ebering_ghost_reflecting_pool,
          chequers_mini_garden, hex_medium
D:6:      layout_loops_corners, serial_shops, shop
D:7:      layout_basic, mainiacjoe_overflow_catwalk, dancing_weapons_uskayaw,
          kennysheep_generic_room_12, uniq_maggie
D:8:      layout_basic, uniq_joseph
D:9:      layout_cave_pools, gammafunk_temple_overflow_wave,
          biasface_ghost_orc_armoury
D:10:     layout_basic, mainiacjoe_overflow_catch_the_wave,
          minmay_lair_entry_grove, david_orc_5, minivault_11,
          hangedman_decor_points, amcnicky_mini_rare_corridor_liquid
D:11:     minmay_the_grid_square_5x5_4x4 [minmay_the_grid_square_5x5_gyroscope,
          minmay_the_grid_square_5x5_half_checkered,
          minmay_the_grid_square_5x5_mess,
          minmay_the_grid_square_5x5_three_walls,
          minmay_the_grid_square_5x5_fancy_junction,
          minmay_the_grid_square_5x5_prize_itemx,
          minmay_the_grid_square_5x5_prize_rear_guard,
          minmay_the_grid_square_5x5_slash,
          minmay_the_grid_square_5x5_two_walls_b,
          minmay_the_grid_square_5x5_prize_pseudospiral,
          minmay_the_grid_square_5x5_prize_deathbox,
          minmay_the_grid_square_5x5_checkered_statues,
          minmay_the_grid_square_5x5_three,
          minmay_the_grid_square_5x5_pentomino_r,
          minmay_the_grid_square_5x5_bracketed,
          minmay_the_grid_square_5x5_two_walls_a], layout_cave_pods,
          ebering_ghost_disaster_area, due_unseen_surprise
Temple:   eino_temple_lava

Skill      XL: |  1  2  3  4  5  6  7  8  9 10 11 |
---------------+----------------------------------+-----
Spellcasting   | 3 4 5 6 7 9 10 | 10.9
Fighting       | 1 2 3 4 5 |  5.7
Stealth        | 2 3 |  3.8
Armour         | 1 2 3 4 |  4.0
Dodging        | 3 |  3.6
Short Blades   | 1 |  1.5
Unarmed Combat | |  0.1
Evocations     | |  0.6

Action                   |  1- 3 |  4- 6 |  7- 9 | 10-12 || total
-------------------------+-------+-------+-------+-------++-------
Melee: Unarmed           |     3 |       |       |       ||     3
       Short sword       |       |       |     1 |       ||     1
       Rapier            |       |       |     8 |     3 ||    11
 Cast: Foxfire           |    71 |    70 |   109 |    24 ||   274
       Scorch            |     8 |    15 |    53 |    12 ||    88
       Flame Wave        |       |       |    14 |    28 ||    42
       Slow              |       |       |       |     1 ||     1
Evoke: Wand              |       |       |       |     7 ||     7
  Use: Scroll            |       |       |       |    10 ||    10
       Potion            |       |       |       |     2 ||     2
 Stab: Sleeping          |       |       |       |     1 ||     1
Armor: Robe              |     2 |     5 |       |     4 ||    11
       Leather armour    |       |       |    10 |     9 ||    19
Dodge: Dodged            |    13 |    12 |    40 |    28 ||    93

Table legend: (Time is in decaauts)
 A = Elapsed time spent in this place.
 B = Non-inter-level travel time spent in this place.
 C = Inter-level travel time spent in this place.
 D = Time resting spent in this place.
 E = Time spent auto-exploring this place.
 F = Levels seen in this place.
 G = Mean time per level.
                   A        B        C        D        E       F      G
               +--------+--------+--------+--------+--------+-----+--------+
         Total |  12266 |  11444 |    822 |    875 |   9388 |  12 | 1022.2 |
       Dungeon |  12231 |  11419 |    812 |    875 |   9374 |  11 | 1111.9 |
        Temple |     35 |     26 |      9 |      0 |     14 |   1 |   35.0 |
               +--------+--------+--------+--------+--------+-----+--------+

Top non-repeatable levels by time:
     D:6: 1782 daAuts
     D:1: 1701 daAuts
     D:5: 1522 daAuts
     D:7: 1473 daAuts
     D:2: 1261 daAuts
     D:8: 1049 daAuts
     D:3: 1026 daAuts
     D:4: 951 daAuts
     D:9: 833 daAuts
    D:11: 359 daAuts
    D:10: 268 daAuts
  Temple: 35 daAuts
